AoeStats
← BSHammer

Lombardia

507632236Analyzed
3v3 RM · 14d ago on Sep 19, 2026· 137m 45s· 6 players
Game mode
Random Map
Map size
Normal (6 player)
Population
200
Speed
Normal
Resources
Standard
Victory
Conquest
Starting age
Dark Age
Ending age
Imperial Age
RankedLock teamsTeams togetherTeam positionsShared explorationLock speedFull tech treeHidden civsTurbo modeCheats
Victory
Defeat
🇺🇸 Bengalis · United States
1621
+20
🇺🇸 Saracens · United States
1598
+21
🇺🇸 Hindustanis · United States
1529
+24
🇦🇷 Persians · Argentina
1720
-22
🇦🇷 Inca · Argentina
1710
-22
🇵🇪 Mongols · Peru
1686
-21
Christine
8:16 Loom
10:02 Feudal Age
18:38 Scale Barding Armor
20:15 Forging
20:43 Horse Collar
24:37 Castle Age
23:19 Double-Bit Axe
28:32 Husbandry
31:07 Imperial Age
29:08 Bow Saw
30:03 Wheelbarrow
29:44 Heavy Plow
33:03 Hand Cart
32:50 Fletching
33:00 Padded Archer Armor
33:44 Ballistics
34:27 Chemistry
34:15 Parthian Tactics
34:42 Bodkin Arrow
35:30 Gold Mining
37:19 Gold Shaft Mining
37:24 Bracer
38:10 Thumb Ring
38:48 Heavy Cavalry Archer
40:08 Leather Archer Armor
40:06 Bloodlines
42:21 Stone Mining
43:11 Capped Ram
44:42 Caravan
45:40 Siege Ram
52:07 Drill
60:18 Pikeman
61:04 Squires
61:50 Masonry
90:55 Onager
91:50 Siege Engineers
92:10 Conscription
92:16 Siege Onager
128:34 Fortified Wall
137:40 Nomads
PWLG | Legend
4:19 Loom
11:37 Feudal Age
12:46 Champi Runner
13:25 Double-Bit Axe
14:59 Scale Mail Armor
23:56 Horse Collar
24:10 Gold Mining
25:04 Stone Mining
29:22 Castle Age
32:05 Castle Age
31:09 Arson
33:22 Wheelbarrow
32:59 Bow Saw
34:09 Champi Warrior
35:04 Squires
38:19 Pikeman
44:01 Hand Cart
43:31 Town Watch
43:53 Heavy Plow
48:13 Imperial Age
46:44 Chain Mail Armor
46:40 Forging
48:38 Halberdier
48:44 Elite Champi Warrior
49:56 Plate Mail Armor
51:37 Crop Rotation
51:43 Gold Shaft Mining
51:46 Stone Shaft Mining
51:18 Caravan
52:27 Guilds
52:43 Halberdier
54:42 Fortified Wall
54:14 Treadmill Crane
54:45 Fortified Wall
54:45 Masonry
55:27 Iron Casting
60:13 Conscription
59:54 Fabric Shields
62:13 Hoardings
63:04 Blast Furnace
63:04 Siege Engineers
63:22 Ballistics
69:37 Devotion
73:04 Fletching
76:25 Coinage
82:28 Banking
90:36 Chemistry
89:32 Bodkin Arrow
94:03 Bracer
105:28 Capped Ram
106:52 Siege Ram
the best BO's
10:47 Feudal Age
11:50 Double-Bit Axe
12:24 Loom
15:09 Castle Age
13:29 Horse Collar
23:12 Wheelbarrow
22:31 Town Watch
24:48 Heavy Plow
26:55 Hand Cart
31:05 Imperial Age
28:51 Scale Barding Armor
30:30 Chain Barding Armor
30:25 Bloodlines
30:16 Husbandry
31:57 Plate Barding Armor
30:43 Cavalier
31:18 Gold Mining
31:19 Stone Mining
32:04 Savar
33:46 Forging
36:02 Iron Casting
46:17 Elite War Elephant
47:18 Conscription
47:33 Hoardings
47:27 Caravan
49:54 Guilds
50:14 Coinage
51:33 Crop Rotation
51:16 Bow Saw
51:50 Banking
55:22 Citadels
56:54 Two-Man Saw
59:16 Blast Furnace
59:50 Masonry
61:23 Devotion
62:24 Light Cavalry
63:35 Hussar
69:09 Murder Holes
70:15 Chemistry
69:49 Architecture
71:21 Chemistry
70:14 Fletching
77:12 Faith
85:43 Ballistics
85:19 Bodkin Arrow
123:52 Heavy Camel Rider
131:14 Capped Ram
132:35 Siege Ram
Lucas Ducas
7:05 Loom
9:23 Feudal Age
9:50 Double-Bit Axe
13:03 Fletching
19:21 Gold Mining
20:29 Wheelbarrow
24:19 Castle Age
25:04 Bodkin Arrow
24:32 Crossbowman
31:10 Ballistics
34:22 Masonry
37:23 Imperial Age
35:54 Fortified Wall
38:10 Bracer
39:55 Chemistry
42:20 Horse Collar
46:13 Heavy Plow
46:30 Bow Saw
47:07 Caravan
48:02 Hand Cart
51:25 Conscription
52:28 Scale Barding Armor
52:59 Forging
54:32 Gold Shaft Mining
53:50 Stone Mining
54:51 Husbandry
54:41 Town Watch
56:11 Bloodlines
57:25 Iron Casting
56:33 Treadmill Crane
56:55 Arbalester
58:19 Chain Barding Armor
58:47 Bimaristan
60:23 Sanctity
60:33 Block Printing
61:05 Illumination
60:56 Thumb Ring
61:53 Blast Furnace
61:46 Theocracy
62:22 Fervor
66:00 Redemption
70:56 Plate Barding Armor
70:27 Siege Engineers
71:59 Padded Archer Armor
71:56 Murder Holes
75:26 Leather Archer Armor
77:00 Hoardings
77:37 Elite Mameluke
78:51 Ring Archer Armor
79:44 Hoardings
98:21 Counterweights
103:41 Heavy Cavalry Archer
104:47 Parthian Tactics
120:19 Two-Man Saw
122:32 Guard Tower
122:28 Arrowslits
124:27 Keep
koriko9397
11:09 Feudal Age
14:52 Castle Age
13:02 Double-Bit Axe
13:33 Horse Collar
16:22 Loom
24:17 Wheelbarrow
23:53 Town Watch
24:54 Bow Saw
27:27 Heavy Plow
31:20 Imperial Age
29:05 Hand Cart
30:04 Fletching
30:14 Padded Archer Armor
30:44 Pikeman
31:25 Scale Mail Armor
31:36 Forging
31:26 Halberdier
33:08 Chain Mail Armor
33:32 Iron Casting
33:42 Squires
36:43 Elite Elephant Archer
37:30 Siege Elephant
42:21 Blast Furnace
43:02 Crop Rotation
43:50 Bodkin Arrow
44:10 Leather Archer Armor
44:57 Ballistics
45:37 Chemistry
44:52 Masonry
45:29 Conscription
48:00 Mahayana
48:50 Caravan
52:20 Two-Man Saw
51:50 Paiks
52:51 Bracer
53:21 Ring Archer Armor
90:21 Architecture
90:01 Scale Barding Armor
90:50 Elite Battle Elephant
91:41 Bloodlines
91:32 Husbandry
99:51 Chain Barding Armor
108:00 Plate Barding Armor
113:52 Siege Engineers
BSHammer
4:57 Loom
11:20 Feudal Age
15:20 Scale Barding Armor
15:23 Horse Collar
15:28 Double-Bit Axe
18:36 Wheelbarrow
22:16 Castle Age
27:56 Bow Saw
28:25 Husbandry
30:07 Hand Cart
30:18 Heavy Plow
31:11 Town Watch
32:28 Arson
32:44 Squires
36:48 Imperial Age
34:42 Bloodlines
35:48 Chain Barding Armor
35:39 Forging
36:47 Grand Trunk Road
36:52 Heavy Camel Rider
39:16 Conscription
39:40 Imperial Camel Rider
42:36 Iron Casting
42:36 Plate Barding Armor
43:48 Ballistics
43:20 Fletching
44:31 Blast Furnace
44:02 Fortified Wall
46:21 Two-Man Saw
45:24 Bodkin Arrow
46:12 Caravan
47:20 Coinage
48:36 Elite Ghulam
50:28 Banking
51:58 Scale Mail Armor
53:11 Chain Mail Armor
52:32 Light Cavalry
64:35 Hussar
70:15 Masonry
70:11 Siege Engineers
71:42 Bracer
76:33 Shatagni
76:34 Padded Archer Armor
77:39 Chemistry
79:48 Leather Archer Armor
82:56 Ring Archer Armor
86:19 Pikeman
110:48 Thumb Ring
127:15 Siege Elephant
Connection lost

Rejoining the realm…

Still unreachable

The connection could not be restored.

Session expired

The server has moved on; the page needs a fresh start.